 Dungeon Crawl Stone Soup version 0.28.0 (webtiles) character file.

Game seed: 14401865664187113860

66 mopl the Chiller (level 3, 0/26 HPs)
             Began as a Draconian Ice Elementalist on Feb 14, 2022.
             Killed by divine providence
             ... invoked by an orc priest
              (11 damage)
             ... on level 2 of the Dungeon.
             The game lasted 00:02:22 (1632 turns).

mopl the Chiller (Draconian Ice Elementalist)       Turns: 1632, Time: 00:02:23

Health: 0/26       AC:  5    Str: 10    XL:     3   Next: 96%
Magic:  7/7        EV: 12    Int: 17    God:
Gold:   23         SH:  0    Dex: 11    Spells: 1/8 levels left

rFire   . . .      SeeInvis .   g - +0 short sword
rCold   . . .      Faith    .   (no shield)
rNeg    . . .      Spirit   .   (armour unavailable)
rPois   .          Reflect  .   (helmet restricted)
rElec   .          Harm     .   (no cloak)
rCorr   .          Rampage  .   (no gloves)
Will    +....                   (no boots)
Stlth   ++........              (no amulet)
HPRegen 0.08/turn               b - ring of willpower
MPRegen 0.10/turn               (no ring)

@: no status effects
A: AC +5, unfitting armour, cold-blooded
a: no special abilities


You were on level 2 of the Dungeon.
You visited 1 branch of the dungeon, and saw 2 of its levels.

You collected 56 gold pieces.
You spent 33 gold pieces at shops.

Inventory:

Hand Weapons
 g - a +0 short sword (weapon)
Jewellery
 b - a ring of willpower (left hand)
 e - an amulet of regeneration
Scrolls
 a - 4 scrolls of identify {unknown}
 c - 2 scrolls of fear {unknown}
 d - a scroll of teleportation
 f - a scroll of enchant weapon {unknown}


   Skills:
 - Level 1.7 Dodging
 - Level 1.7 Stealth
 + Level 3.1 Spellcasting
 + Level 4.8 Ice Magic


You had one spell level left.
You knew the following spells:

 Your Spells              Type           Power      Damage    Failure   Level
a - Freeze                Ice            76%        1d9       2%          1
b - Frozen Ramparts       Ice            38%        1d5       7%          3
s - Ozocubu's Armour      Ice            19%        N/A       7%          3

Your spell library contained the following spells:

 Spells                   Type           Power      Damage    Failure   Level
 Hailstorm                Conj/Ice       10%        3d5       54%         4


Dungeon Overview and Level Annotations

Branches:
Dungeon (2/15)

Altars:

Shops:
D:1 ?


Innate Abilities, Weirdness & Mutations

Your plain brown scales are hard. (AC +5)
You cannot fit into any form of body armour.
You are cold-blooded and may be slowed by cold attacks.


Message History

Aim: an orc wizard, wielding a +0 dagger and wearing a +0 robe (lightly wounded)
You freeze the orc wizard!
The orc wizard is severely wounded.
The orc wizard misses you.
Casting: Freeze (safe; 2% risk of failure)
Confirm with . or Enter, or press ? or * to list all spells.
Aiming: Freeze (safe; 2% risk of failure)
Press: ? - help, Shift-Dir - straight line, f/p - orc wizard
Aim: an orc wizard, wielding a +0 dagger and wearing a +0 robe (severely wounded)
You freeze the orc wizard!
You kill the orc wizard!
Your Spellcasting skill increases to level 3!
You start resting.
Magic restored.
You start resting.
HP restored.
This spell is quite dangerous to cast!
Memorise Ozocubu's Armour, consuming 3 spell levels and leaving 1?
You start memorising the spell.
You continue memorising. x3
You finish memorising.
Spell assigned to 'c'.
Adjust (i)tems, (s)pells, or (a)bilities?
Adjust which spell? c - Ozocubu's Armour Adjust to which letter? s - Ozocubu's Armour
Things that are here:
a +0 dagger; a +0 robe; an orc corpse
There is an open door here.
An orc comes into view. It is wielding a +0 club.
An orc comes into view. It is wielding a +0 falchion.
The orc shouts!
An orc priest comes into view. It is wielding a +0 hand axe.
The orc shouts!
The orc priest shouts!
The orc priest begins to cast a cantrip, but forgets the words!
The orc priest calls down the wrath of Beogh upon you.
Beogh smites you! The orc hits you with a +0 club.
There is an open door here.
The orc priest mumbles some strange prayers to Beogh against you.
Beogh smites you!
You die...

#.# #.####o###.# #..........#
######.##### # #.# #. #o#
#.######o## #......)..#
##.......@.# . .##..........#
.. ............# ...
#...####..+## ....
##.P#[.'....# ###+##
.....##.P#..#....# #....
.........####....#########.#.#
#......P..P...........##.#.#
#..........................###


You could see an orc priest and 2 orcs.

Vanquished Creatures
  An orc wizard (D:2)
  A gnoll (D:1)
  A worm (D:2)
  4 endoplasms (D:1)
  2 giant cockroaches (D:1)
  A goblin (D:2)
  3 hobgoblins
  2 kobolds (D:1)
  2 quokkas (D:1)
  A ball python (D:2)
  3 bats
  2 frilled lizards
  5 rats
28 creatures vanquished.

Notes
Turn   | Place    | Note
-------+----------+-------------------------------------------
     0 | D:1      | mopl the Draconian Ice Elementalist began the quest for the
                  | Orb.
     0 | D:1      | Reached XP level 1. HP: 14/14 MP: 3/3
   133 | D:1      | Reached XP level 2. HP: 14/20 MP: 3/5
   544 | D:1      | Found Uklo's Magic Scroll Emporium.
   552 | D:1      | Bought a scroll of teleportation for 33 gold pieces
   925 | D:1      | Reached XP level 3. HP: 23/26 MP: 5/7
   929 | D:1      | Learned a level 3 spell: Frozen Ramparts
  1573 | D:2      | Reached skill level 3 in Spellcasting
  1621 | D:2      | Learned a level 3 spell: Ozocubu's Armour
  1632 | D:2      | Killed from afar by an orc priest

Illustrated notes

Levels and vault maps discovered:
D:1:      matt_arrival_los_fun, layout_basic, serial_shops, shop
D:2:      layout_basic, chequers_ecumenical_altar_island, corexii_shack,
          corexii_shack

Skill      XL: |  1  2  3 |
---------------+----------+-----
Spellcasting   | 3 |  3.1
Dodging        | |  1.7
Stealth        | |  1.7
Ice Magic      | |  4.8

Action                   || total
-------------------------++-------
Melee: Unarmed           ||    61
       Tailslap          ||     8
       Short sword       ||     3
 Cast: Freeze            ||    37
 Stab: Sleeping          ||     1
Armor: Skin              ||    22
Dodge: Dodged            ||    52
